 Dungeon Crawl Stone Soup version 0.31.0-1-g2c135a008e (webtiles) character file.

Game seed: 4860997814640762802

200 qw the Shooter (level 6, -1/46 HPs)
             Began as a Djinni Hunter on Jan 23, 2024.
             Slain by a bullfrog (5 damage)
             ... in a sewer.
             The game lasted 00:00:14 (2402 turns).

qw the Shooter (Djinni Hunter)                      Turns: 2402, Time: 00:00:15

Health: -1/46      AC:  5    Str: 10    XL:     6   Next: 7%
Gold:   82         EV: 11    Int: 11    God:
                   SH:  0    Dex: 18

rFire   + + .        h - +0 orcbow
rCold   x . .        (shield currently unavailable)
rNeg    . . .        d - +0 ring mail
rPois   inf          (no helmet)
rElec   .            (no cloak)
rCorr   .            (no gloves)
SInv    .            (boots unavailable)
Will    ++...        g - amulet of faith
Stlth   +            f - ring of willpower
HPRegen 0.27/turn    b - ring of willpower
MPRegen 0.00/turn

%: faith, infuse magic (-2 HP)
@: flying
A: sickness immunity, fire resistance 2, cold vulnerability 1, float, innate
caster, HP casting, extra vitality 1
a: no special abilities


You were in a sewer.
You visited 1 branch of the dungeon, and saw 3 of its levels.
You also visited: Sewer.

You collected 169 gold pieces.
You spent 87 gold pieces at shops.


Innate Abilities, Weirdness & Mutations

You are immune to sickness and miasma.
You are immune to poison.
Your flesh is very heat resistant. (rF++)
You are vulnerable to cold. (rC-)
You float through the air rather than walking.
You learn spells naturally, not from books.
Your magical power is your life essence.
You have superior vitality. (+4 MHP)


   Skills:
 - Level 3.0 Fighting
 - Level 5.0 Ranged Weapons
 - Level 1.7 Armour
 + Level 2.2 Dodging
 - Level 0.7 Stealth


You knew the following spells:

 Your Spells              Type           Power      Damage    Failure   Level
a - Sandblast             Erth           0%         2d4       65%         1
b - Mercury Vapours       Alch/Air       0%         N/A       80%         2
Your spell library was empty.

Inventory:

Hand Weapons
 h - a +0 orcbow (weapon)
Armour
 d - a +0 ring mail (worn)
Jewellery
 b - a ring of willpower (right hand)
 f - a ring of willpower (left hand)
 g - an amulet of faith (around neck)
Scrolls
 a - a scroll of vulnerability {unknown}
 m - a scroll of identify
Potions
 c - a potion of magic {unknown}
 e - a potion of cancellation {unknown}
 i - a potion of mutation {unknown}
 j - a potion of ambrosia {unknown}
 k - a potion of curing
 l - 2 potions of enlightenment {unknown}

Dungeon Overview and Level Annotations

Branches:
Dungeon (3/15)              Sewer (1/1)

Altars:

Shops:
D:1 *


Message History

The bullfrog hits you but does no damage.
Enter note:
Enter note:
2395 ||| RETREEEEATING.
The adder attacks as it pursues you! The adder bites you.
The ball python bites you but does no damage.
The ball python grabs you. The ball python constricts you.
Enter note:
Enter note:
2396 ||| RETREEEEATING.
You escape the ball python's grasp.
The adder bites you but does no damage.
Enter note:
Enter note:
2397 ||| RETREEEEATING.
Enter note:
Enter note:
2398 ||| RETREEEEATING.
The ball python attacks as it pursues you!
The ball python bites you. The ball python grabs you.
The ball python constricts you.
There is an open door here.
You shoot an arrow.
The arrow barely misses the ball python.
The ball python bites you but does no damage.
The ball python constricts you. The ball python bites you.
The ball python constricts you.
You shoot an arrow. The arrow hits the ball python.
You kill the ball python!
The bullfrog hits you.
The bullfrog hits you but does no damage.
The bullfrog barely misses you.
You shoot an arrow.
The arrow completely misses the bullfrog.
The bullfrog misses you. The bullfrog hits you.
The bullfrog hits you but does no damage.
The bullfrog barely misses you.
You shoot an arrow. The arrow hits the bullfrog.
The bullfrog is lightly wounded.
The bullfrog hits you.
You die...

##### ####...####
####.........####
##.......S.......##
#......SFF#.......#
##......##@##......##
#
#....SS##..###......#
# ##~..~.##..#
#.~~.~.# #
#~~~~~~##### #~~%~~~#
# #~~~~~~# #~~~~~~# #
#~~~~~~# #~~~~~~# #
#~~~J~~# #~~~~~~# #
#~~~~~~# #~~%~~~# #
#~~%~~~# ##.~.~~# #


You could see 2 bullfrogs, an adder and a ball python.

Vanquished Creatures
  Natasha (D:1)
  A gnoll (D:1)
  5 adders
  3 river rats (Sewer)
  A dart slug (D:1)
  2 ribbon worms
  An orc (D:3)
  21 ball pythons
  5 endoplasms
  5 giant cockroaches
  5 goblins
  7 hobgoblins
  5 kobolds
  3 quokkas
  A bat (D:2)
  3 frilled lizards
  21 rats
90 creatures vanquished.

Notes
Turn   | Place    | Note
-------+----------+-------------------------------------------
     0 | D:1      | qw the Djinni Hunter began the quest for the Orb.
     0 | D:1      | Reached XP level 1. HP: 18/18 MP: 0/0
     0 | D:1      | 0 ||| qw: Version: 0.3-a-135-gb77e89d
     0 | D:1      | 0 ||| qw: Game counter: 860
     0 | D:1      | 0 ||| qw: Melee chars always use a shield: true
     0 | D:1      | 0 ||| qw: God list: Okawaru
     0 | D:1      | 0 ||| qw: Allow faded altars: false
     0 | D:1      | 0 ||| qw: Do Orc after clearing Dungeon:15 true
     0 | D:1      | 0 ||| qw: Do second Lair branch before Depths: true
     0 | D:1      | 0 ||| qw: Lair rune preference: random
     0 | D:1      | 0 ||| qw: Goals: Normal
     0 | D:1      | 0 ||| PLANNING D:1-11
   244 | D:1      | 244 ||| RETREEEEATING.
   245 | D:1      | 245 ||| RETREEEEATING.
   246 | D:1      | 246 ||| RETREEEEATING.
   247 | D:1      | 247 ||| RETREEEEATING.
   248 | D:1      | 248 ||| RETREEEEATING.
   249 | D:1      | 249 ||| RETREEEEATING.
   250 | D:1      | 250 ||| RETREEEEATING.
   251 | D:1      | 251 ||| RETREEEEATING.
   252 | D:1      | 252 ||| RETREEEEATING.
   253 | D:1      | 253 ||| RETREEEEATING.
   259 | D:1      | Reached XP level 2. HP: 19/23 MP: 0/0
   438 | D:1      | Reached skill level 4 in Ranged Weapons
   438 | D:1      | Reached XP level 3. HP: 28/28 MP: 0/0
   438 | D:1      | Learned a level 1 spell: Sandblast
   725 | D:1      | Found Wuteg's Assorted Antiques.
   733 | D:1      | 733 ||| BUYING fizzy green potion (17 gold).
   733 | D:1      | Bought a fizzy green potion for 17 gold pieces
   733 | D:1      | 733 ||| BUYING green potion (17 gold).
   733 | D:1      | Bought a green potion for 17 gold pieces
   733 | D:1      | 733 ||| BUYING green potion (17 gold).
   733 | D:1      | Bought a green potion for 17 gold pieces
   733 | D:1      | 733 ||| BUYING pink potion (17 gold).
   733 | D:1      | Bought a pink potion for 17 gold pieces
   733 | D:1      | 733 ||| BUYING scroll labelled YPEMMEMN VYUCU (19 gold).
   733 | D:1      | Bought a scroll labelled YPEMMEMN VYUCU for 19 gold pieces
   733 | D:1      | 733 ||| SHOPLISTING sparkling ivory ring (95 gold, have 2).
   831 | D:1      | 831 ||| UPGRADING to +0 ring mail.
   841 | D:1      | 841 ||| DROPPING +0 leather armour.
   842 | D:1      | 842 ||| UPGRADING to amulet of faith.
   847 | D:1      | 847 ||| READING scroll labelled EQUACL OHEUFYDILASM.
   948 | D:1      | 948 ||| READING scroll labelled FECKOESCHEG.
   948 | D:1      | 948 ||| IDENTIFYING murky emerald potion
   949 | D:1      | 949 ||| READING scroll labelled LOEPLU ONLO.
   949 | D:1      | 949 ||| ENCHANTING +0 shortbow.
   950 | D:1      | 950 ||| READING scroll labelled YPEMMEMN VYUCU.
  1002 | D:1      | 1002 ||| DRINKING 2 green potions.
  1003 | D:1      | 1003 ||| DROPPING scroll of butterflies.
  1004 | D:1      | 1004 ||| DROPPING potion of attraction.
  1027 | D:2      | Noticed Natasha
  1031 | D:2      | 1031 ||| STAIRDANCE
  1033 | D:1      | Killed Natasha
  1034 | D:1      | Reached skill level 1 in Armour
  1034 | D:1      | Reached XP level 4. HP: 28/34 MP: 0/0
  1694 | D:2      | 1694 ||| UPGRADING to ring of willpower.
  1695 | D:2      | 1695 ||| READING scroll labelled WOUD IXKEPAT.
  1721 | D:3      | 1721 ||| PLANNING SEWER
  1777 | D:3      | Reached skill level 3 in Fighting
  1792 | D:3      | Reached XP level 5. HP: 37/40 MP: 0/0
  1792 | D:3      | Learned a level 2 spell: Mercury Vapours
  1823 | D:3      | 1823 ||| SWAPPING to +0 orcbow.
  1824 | D:3      | 1824 ||| DROPPING +0 shortbow.
  1962 | D:3      | Found a glowing drain.
  1963 | D:3      | 1963 ||| UPGRADING to ring of willpower.
  1964 | D:3      | 1964 ||| READING scroll of identify.
  1964 | D:3      | 1964 ||| IDENTIFYING dark potion
  1965 | D:3      | 1965 ||| DROPPING potion of brilliance.
  1971 | Sewer    | Entered a sewer
  2319 | Sewer    | Reached XP level 6. HP: 39/46 MP: 0/0
  2381 | Sewer    | Reached skill level 5 in Ranged Weapons
  2381 | Sewer    | 2381 ||| RETREEEEATING.
  2382 | Sewer    | 2382 ||| RETREEEEATING.
  2383 | Sewer    | 2383 ||| RETREEEEATING.
  2384 | Sewer    | 2384 ||| RETREEEEATING.
  2386 | Sewer    | 2386 ||| RETREEEEATING.
  2387 | Sewer    | 2387 ||| RETREEEEATING.
  2388 | Sewer    | 2388 ||| RETREEEEATING.
  2389 | Sewer    | 2389 ||| RETREEEEATING.
  2390 | Sewer    | 2390 ||| RETREEEEATING.
  2391 | Sewer    | 2391 ||| RETREEEEATING.
  2392 | Sewer    | 2392 ||| RETREEEEATING.
  2392 | Sewer    | HP: 8/46 [bullfrog (7)]
  2393 | Sewer    | 2393 ||| RETREEEEATING.
  2394 | Sewer    | 2394 ||| RETREEEEATING.
  2395 | Sewer    | 2395 ||| RETREEEEATING.
  2396 | Sewer    | 2396 ||| RETREEEEATING.
  2397 | Sewer    | 2397 ||| RETREEEEATING.
  2398 | Sewer    | 2398 ||| RETREEEEATING.
  2398 | Sewer    | HP: 8/46 [ball python (1)]
  2402 | Sewer    | Slain by a bullfrog

Levels and vault maps discovered:
D:1:      minmay_arrival_plants_in_alcoves, layout_basic, serial_shops, shop
D:2:      layout_basic, glass_columns_b, uniq_natasha
D:3:      layout_basic, gup_sewer_entry_bubbles
Sewer:    sewer_minmay_w

Skill      XL: |  1  2  3  4  5  6 |
---------------+-------------------+-----
Ranged Weapons | 4 5 |  5.0
Armour         | 1 |  1.7
Fighting       | 3 |  3.0
Dodging        | |  2.2
Stealth        | |  0.7

Action                     |  1- 3 |  4- 6 || total
---------------------------+-------+-------++-------
   Fire: Shortbow          |    67 |    66 ||   133
         Orcbow            |       |   132 ||   132
    Use: Scroll            |     4 |     2 ||     6
         Potion            |     1 |       ||     1
 Armour: Leather armour    |    22 |       ||    22
         Ring mail         |     3 |   104 ||   107
  Dodge: Dodged            |    20 |   128 ||   148

Table legend:
 A = Non-vault XP
 B = Vault XP
 C = Vault XP percentage of total XP
 D = Non-vault monster count
 E = Vault monster count
 F = Vault count percentage of total count
                 A         B        C        D         E       F
            +---------+---------+-------+---------+---------+-------
      Total |     108 |     179 |  62.4 |      47 |      43 |  47.8
            +---------+---------+-------+---------+---------+-------
        D:1 |      54 |      35 |  39.3 |      23 |       1 |   4.2
        D:2 |      28 |       0 |   0.0 |      16 |       0 |   0.0
        D:3 |      26 |      15 |  36.6 |       8 |       7 |  46.7
      Sewer |       0 |     129 | 100.0 |       0 |      35 | 100.0
            +---------+---------+-------+---------+---------+-------
